 Dungeon Crawl Stone Soup version 0.29.1-14-g9c671dbff4 (webtiles) character file.

Game seed: 5047605555328000981

5061 leafyfresh the Nimble (level 10, -6/60 HPs)
             Began as a Djinni Ice Elementalist on Feb 17, 2023.
             Mangled by a two-headed ogre
             ... wielding a +0 dire flail
              (8 damage)
             ... on level 9 of the Dungeon.
             The game lasted 00:20:12 (11674 turns).

leafyfresh the Nimble (Djinni Ice Elementalist)    Turns: 11674, Time: 00:20:12

Health: -6/60      AC: 15    Str:  7    XL:     10   Next: 86%
Gold:   490        EV: 16    Int: 27    God:
                   SH:  0    Dex: 14

rFire   + + .      SeeInvis .   x - +1 mace (protect)
rCold   x . .      Faith    .   (no shield)
rNeg    . . .      Spirit   .   M - +0 troll leather armour
rPois   ∞          Reflect  .   (no helmet)
rElec   .          Harm     .   (no cloak)
rCorr   .          Rampage  .   (no gloves)
Will    +....                   (boots unavailable)
Stlth   ++........              (no amulet)
HPRegen 1.00/turn               l - +6 ring of intelligence
MPRegen 0.00/turn               N - +4 ring of protection

@: ice-armoured, flying
A: sickness immunity, fire resistance 2, cold vulnerability 1, float, innate
caster, HP casting, extra vitality 1
a: no special abilities


You were on level 9 of the Dungeon.
You visited 2 branches of the dungeon, and saw 10 of its levels.
You also visited: Sewer and Ossuary.

You collected 490 gold pieces.

Inventory:

Hand Weapons
 c - a +0 short sword
 f - a +1 short sword of draining
 h - a +0 sling
 v - a +2 whip of draining
 x - a +1 mace of protection (weapon)
Armour
 a - a +0 robe
 M - a +0 troll leather armour (worn)
Magical Staves
 C - a staff of fire
Jewellery
 l - a +6 ring of intelligence (left hand)
 N - a +4 ring of protection (right hand)
 Q - a +6 ring of intelligence
Wands
 t - a wand of roots (15)
 A - a wand of polymorph (6)
Scrolls
 e - 2 scrolls of vulnerability
 i - 4 scrolls of magic mapping
 n - 3 scrolls of immolation
 p - 2 scrolls of noise
 s - 2 scrolls of brand weapon
 y - 3 scrolls of fog
 z - a scroll of amnesia {unknown}
 B - a scroll of torment {unknown}
 F - 3 scrolls of enchant weapon {unknown}
 G - a scroll of fear {unknown}
 I - a scroll of teleportation {unknown}
 J - 2 scrolls of enchant armour {unknown}
 K - a scroll of poison {unknown}
 O - a scroll of acquirement {unknown}
 P - a scroll of identify
Potions
 b - 2 potions of degeneration {unknown}
 d - 7 potions of heal wounds {unknown}
 g - a potion of ambrosia {unknown}
 j - 4 potions of lignification {unknown}
 m - a potion of might {unknown}
 o - 2 potions of resistance {unknown}
 q - a potion of brilliance {unknown}
 r - 4 potions of curing {unknown}
 u - a potion of magic {unknown}
 w - 3 potions of attraction {unknown}
 D - 2 potions of cancellation {unknown}
 E - a potion of mutation {unknown}
 H - 2 potions of haste {unknown}
 L - 2 potions of flight {unknown}


   Skills:
 + Level 12.0 Dodging
 - Level 1.6 Stealth
 + Level 9.0 Spellcasting


You had 7 spell levels left.
You knew the following spells:

 Your Spells              Type           Power      Damage    Failure   Level
a - Freeze                Ice            100%       1d11      1%          1
b - Frozen Ramparts       Ice            100%       1d16      1%          3
c - Ozocubu's Armour      Ice            57%        N/A       1%          3
d - Hailstorm             Conj/Ice       57%        3d12      1%          4
e - Shock                 Conj/Air       100%       1d9       1%          1
f - Passwall              Tmut/Erth      47%        N/A       1%          2
g - Vampiric Draining     Necr           57%        2d10      1%          3
h - Gell's Gravitas       Tloc           57%        N/A       1%          3
Your spell library was empty.

Dungeon Overview and Level Annotations

Branches:
Dungeon (9/15)             Temple (1/1) D:6             Orc (0/2) D:9
  Sewer (visited)         Ossuary (visited)
   Lair: D:8-11

Altars:
Cheibriados
Elyvilon
Gozag
Hepliaklqana
Makhleb
Nemelex Xobeh
Okawaru
Qazlal
Ru
Trog
Wu Jian
Xom
Zin
The Shining One

Shops:
D:6 =


Innate Abilities, Weirdness & Mutations

You are immune to sickness and miasma.
You are immune to poison.
Your flesh is very heat resistant. (rF++)
You are vulnerable to cold. (rC-)
You float through the air rather than walking.
You learn spells naturally, not from books.
Your magical power is your life essence.
You have superior vitality. (+4 MHP)


Message History

Confirm with . or Enter, or press ? or * to list all spells.
Aiming: Vampiric Draining (safe; 1% risk of failure)
Press: ? - help, Shift-Dir - straight line, f/p - two-headed ogre
Aim: a two-headed ogre, wielding two +0 giant clubs (moderately wounded)
You draw life force from the two-headed ogre.
You feel life coursing into your body. The two-headed ogre closely misses you.
The two-headed ogre hits you with a +0 giant club!
* * * LOW HITPOINT WARNING * * *
Unknown command.
Casting: Vampiric Draining (safe; 1% risk of failure)
Confirm with . or Enter, or press ? or * to list all spells.
Aiming: Vampiric Draining (safe; 1% risk of failure)
Press: ? - help, Shift-Dir - straight line, f/p - two-headed ogre
Aim: a two-headed ogre, wielding two +0 giant clubs (moderately wounded)
You draw life force from the two-headed ogre!
You feel life coursing into your body!
Unknown command.
Casting: Vampiric Draining (safe; 1% risk of failure)
Confirm with . or Enter, or press ? or * to list all spells.
Aiming: Vampiric Draining (safe; 1% risk of failure)
Press: ? - help, Shift-Dir - straight line, f/p - two-headed ogre
Aim: a two-headed ogre, wielding two +0 giant clubs (heavily wounded)
Okay, then.
Casting: Vampiric Draining (safe; 1% risk of failure)
Confirm with . or Enter, or press ? or * to list all spells.
A film of ice covers your body!
* * * LOW HITPOINT WARNING * * *
Casting: Ozocubu's Armour (safe; 1% risk of failure)
Confirm with . or Enter, or press ? or * to list all spells.
Aiming: Vampiric Draining (safe; 1% risk of failure)
Press: ? - help, Shift-Dir - straight line, f/p - two-headed ogre
Aim: a two-headed ogre, wielding two +0 giant clubs (heavily wounded)
You draw life force from the two-headed ogre!
You feel life coursing into your body!
The two-headed ogre hits you with a +0 giant club!
* * * LOW HITPOINT WARNING * * *
The two-headed ogre hits you with a +0 giant club!
* * * LOW HITPOINT WARNING * * *
The two-headed ogre hits you with a +0 dire flail!
You die...

..##......# ##..#
...##.....# ##..##
.........## #..##
.........### ##.##
.........).## ##..#
........##))###
##<.##
.....#######..###.>##
.....# ##..#..##
.....# ###O@## ....##
##O### ...## #...###
..## #.....### # ###
#.#.....### ## ##
#.####O...#### ##.
.## #.# ####....###..
..## #.# ####...#..
...## #.# ###....


You could see 2 two-headed ogres.

Vanquished Creatures
  A centaur warrior (D:9)
  A two-headed ogre (D:9)
  A kobold demonologist (D:9)
  2 trolls
  A steam dragon (D:8)
  2 water moccasins (D:7)
  2 sky beasts (D:7)
  An ice beast (D:7)
  2 black bears
  An ogre (D:6)
  3 centaurs
  3 bullfrogs
  A gnoll sergeant (D:6)
  6 scorpions
  3 wights (D:8)
  A killer bee (D:9)
  4 howler monkeys
  6 hounds
  2 jellies
  3 orc priests
  3 centaur zombies (Ossuary)
  A gnoll bouda (D:6)
  2 iguanas (D:6)
  8 orc wizards
  7 mummies
  10 gnolls
  9 adders
  2 shadow imps (D:6)
  An ufetubus (D:5)
  4 worms
  A dart slug (D:5)
  23 orcs
  3 bats
  9 endoplasms
  4 giant cockroaches
  3 goblins
  8 hobgoblins
  5 quokkas
  11 ball pythons
  7 frilled lizards
  3 hobgoblin zombies (Ossuary)
  8 kobolds
  9 rats
187 creatures vanquished.

Vanquished Creatures (others)
  16 plants (D:2)
16 creatures vanquished.

Grand Total: 203 creatures vanquished

Notes
Turn   | Place    | Note
-------+----------+-------------------------------------------
     0 | D:1      | leafyfresh the Djinni Ice Elementalist began the quest for
                  | the Orb.
     0 | D:1      | leafyfresh set off with the following spells memorised:
                  | Freeze, Frozen Ramparts, Ozocubu's Armour, Hailstorm.
     0 | D:1      | Reached XP level 1. HP: 15/15 MP: 0/0
   384 | D:1      | Found a faded altar of an unknown god.
   442 | D:1      | Reached XP level 2. HP: 19/21 MP: 0/0
  1779 | D:2      | Reached XP level 3. HP: 22/25 MP: 0/0
  1779 | D:2      | Learned a level 1 spell: Shock
  1782 | D:2      | Reached skill level 3 in Dodging
  2436 | D:2      | Reached XP level 4. HP: 31/31 MP: 0/0
  3299 | D:3      | Reached XP level 5. HP: 28/35 MP: 0/0
  3299 | D:3      | Learned a level 2 spell: Passwall
  3390 | D:3      | Found a glowing drain.
  3404 | D:3      | Reached skill level 4 in Dodging
  3414 | Sewer    | Entered a sewer
  4807 | D:4      | Noticed a black bear
  4813 | D:4      | Killed a black bear
  4814 | D:4      | Reached XP level 6. HP: 24/40 MP: 0/0
  5007 | D:4      | Reached skill level 5 in Dodging
  5590 | D:4      | Found a sparkling altar of Nemelex Xobeh.
  6290 | D:5      | Entered Level 5 of the Dungeon
  6307 | D:5      | Reached XP level 7. HP: 26/45 MP: 0/0
  6307 | D:5      | Learned a level 3 spell: Vampiric Draining
  6313 | D:5      | Reached skill level 5 in Spellcasting
  6314 | D:5      | Reached skill level 6 in Dodging
  6752 | D:5      | Reached XP level 8. HP: 48/50 MP: 0/0
  6951 | D:5      | Reached skill level 7 in Dodging
  7175 | D:6      | Found a staircase to the Ecumenical Temple.
  7181 | Temple   | Entered the Ecumenical Temple
  7319 | D:6      | Found a sand-covered staircase.
  7327 | Ossuary  | Entered an ossuary
  7829 | D:6      | Found Ubonwud's Jewellery Emporium.
  8348 | D:6      | Reached skill level 8 in Dodging
  8569 | D:6      | Reached XP level 9. HP: 19/55 MP: 0/0
  8569 | D:6      | Learned a level 3 spell: Gell's Gravitas
  9508 | D:7      | Reached skill level 9 in Dodging
  9919 | D:7      | Noticed a troll
  9926 | D:7      | Killed a troll
 10015 | D:7      | Reached skill level 10 in Dodging
 10582 | D:8      | Reached XP level 10. HP: 49/60 MP: 0/0
 10711 | D:8      | Found an ornate altar of the Wu Jian Council.
 11511 | D:9      | Found a staircase to the Orcish Mines.
 11554 | D:9      | Reached skill level 11 in Dodging
 11579 | D:9      | Noticed a kobold demonologist
 11585 | D:9      | Killed a kobold demonologist
 11635 | D:9      | Noticed a two-headed ogre
 11638 | D:9      | Noticed a centaur warrior
 11638 | D:9      | Noticed a two-headed ogre
 11643 | D:9      | Killed a two-headed ogre
 11645 | D:9      | Killed a centaur warrior
 11646 | D:9      | Reached skill level 12 in Dodging
 11647 | D:9      | Noticed a two-headed ogre
 11674 | D:9      | HP: 2/60 [two-headed ogre/+0 giant club (8)]
 11674 | D:9      | Mangled by a two-headed ogre

Illustrated notes

Levels and vault maps discovered:
D:1:      eino_arrival_tree_alley, layout_basic, serial_glass, glass_columns_b,
          glass_columns_b, ebering_ecumenical_altar_abandoned,
          due_unseen_surprise
D:2:      layout_basic, serial_forest, infiniplex_forest_corner_1,
          infiniplex_forest_clump_double, infiniplex_forest_corner_1,
          infiniplex_forest_clump_cross, infiniplex_forest_3_way,
          infiniplex_forest_clump_double, infiniplex_forest_clump_small,
          infiniplex_forest_clump_curved, grunt_ministairs_7
D:3:      layout_basic, cheibrodos_sewer_entry_bend, st_stairs_12
D:4:      layout_basic, nicolae_overflow_hidden_temple
D:5:      layout_rooms
D:6:      layout_basic, minmay_temple_entry_fiery, serial_shops,
          nicolae_shop_advertising_works [nicolae_subvault_shop_adworks],
          gup_ossuary_entry_pyramid
D:7:      layout_rooms, nicolae_kikubaaqudgha_miasma_corner, serial_glass,
          glass_columns_a, glass_columns_a, glass_columns_b, glass_columns_a,
          feat_on_display, due_unseen_surprise, nrook_loot_triangle,
          kb_lookout_dungeons_type
D:8:      layout_basic, nicolae_wu_jian_immortal_techniques
D:9:      minmay_the_grid_four_pointed_star_mashed
          [minmay_the_grid_triangle_9x9_flanged_cone,
          minmay_the_grid_triangle_9x9_fully_insulated_deathbox,
          minmay_the_grid_triangle_9x9_skeleton,
          minmay_the_grid_triangle_9x9_from_above,
          minmay_the_grid_prize_shrinking_boxes], layout_cave_pods, orc_0_dummy,
          minivault_25
Temple:   nicolae_temple_two_arcs

Skill      XL: |  1  2  3  4  5  6  7  8  9 10 |
---------------+-------------------------------+-----
Dodging        | 3 4 5 6 8 10 12 | 12.0
Spellcasting   | 4 5 6 7 9 |  9.0
Stealth        | |  1.6

Action                   |  1- 3 |  4- 6 |  7- 9 | 10-12 || total
-------------------------+-------+-------+-------+-------++-------
Melee: Short sword       |    63 |       |       |       ||    63
       Unarmed           |    11 |       |       |       ||    11
       Mace              |       |     1 |    33 |     8 ||    42
       Punch             |       |       |       |     1 ||     1
 Fire: Sling             |    10 |   158 |       |       ||   168
 Cast: Freeze            |    21 |    18 |    10 |       ||    49
       Frozen Ramparts   |       |    19 |    25 |     8 ||    52
       Shock             |       |    10 |    21 |    15 ||    46
       Hailstorm         |       |     3 |    22 |     7 ||    32
       Ozocubu's Armour  |       |     1 |    13 |     9 ||    23
       Vampiric Draining |       |       |    62 |    16 ||    78
       Gell's Gravitas   |       |       |     1 |     3 ||     4
       Passwall          |       |       |     1 |       ||     1
  Use: Scroll            |       |       |     7 |     2 ||     9
 Stab: Sleeping          |     5 |       |       |     1 ||     6
Armor: Robe              |    10 |    10 |    31 |       ||    51
       Troll leather arm |       |       |     7 |    14 ||    21
Dodge: Dodged            |    65 |    68 |   110 |    33 ||   276
